 Dungeon Crawl Stone Soup version 0.29-a0-266-gf56f883 (webtiles) character file.

Game seed: 12742559566363084303

91 Dorkslayer the Poker (level 4, -1/37 HPs)
             Began as a Merfolk Fighter on Mar 6, 2022.
             Succumbed to a scorpion's poison
             ... on level 2 of the Dungeon.
             The game lasted 00:02:20 (1091 turns).

Dorkslayer the Poker (Merfolk Fighter)              Turns: 1091, Time: 00:02:21

Health: -1/37      AC: 11    Str: 16    XL:     4   Next: 59%
Magic:  4/4        EV:  8    Int:  7    God:
Gold:   71         SH:  5    Dex: 15    Spells: 3/3 levels left

rFire   . . .      SeeInvis .   a - +0 trident
rCold   . . .      Faith    .   c - +0 buckler
rNeg    . . .      Spirit   .   e - +0 plate armour
rPois   .          Reflect  .   (no helmet)
rElec   .          Harm     .   (no cloak)
rCorr   .          Rampage  .   (no gloves)
Will    .....                   (no boots)
Stlth   ..........              (no amulet)
HPRegen 0.12/turn               h - +4 ring of evasion
MPRegen 0.09/turn               (no ring)

@: mighty, brilliant, lethally poisoned (-1 -> -12)
A: (nimble swimmer 2), mertail
a: no special abilities


You were on level 2 of the Dungeon.
You visited 1 branch of the dungeon, and saw 2 of its levels.

You collected 71 gold pieces.

Inventory:

Hand Weapons
 a - a +0 trident (weapon)
Armour
 c - a +0 buckler (worn)
 e - a +0 plate armour (worn)
Jewellery
 h - a +4 ring of evasion (left hand)
Scrolls
 f - 2 scrolls of teleportation {unknown}
 g - a scroll of enchant armour {unknown}
 i - a scroll of noise {unknown}
 j - a scroll of vulnerability {unknown}
 k - a scroll of identify {unknown}
 l - a scroll of enchant weapon {unknown}


   Skills:
 + Level 4.0 Fighting
 + Level 4.1 Polearms
 + Level 2.6 Armour
 + Level 3.5 Shields


You had 3 spell levels left.
You didn't know any spells.
Your spell library contained the following spells:

 Spells                   Type           Power      Damage    Failure   Level
 Dazzling Flash           Conj/Hex       0%         N/A       100%        3
 Iskenderun's Mystic Bla  Conj/Tloc      0%         2d3       100%        4
 Starburst                Conj/Fire      0%         6d3       100%        6


Dungeon Overview and Level Annotations

Branches:
Dungeon (2/15)

Altars:


Innate Abilities, Weirdness & Mutations

((You are very nimble when in or above water. (Stealth+, EV+, Speed+++)))
Your lower body shifts to a powerful aquatic tail in water.


Message History

The scorpion stings you but does no damage.
You puncture the scorpion!
The scorpion is heavily wounded.
The scorpion closely misses you. The scorpion stings you.
You are poisoned.
The scorpion poisons you!
You barely miss the scorpion.
The scorpion is heavily wounded.
You feel very sick. You block the scorpion's attack.
You hit the scorpion.
The scorpion is severely wounded.
You feel very sick. The scorpion barely misses you. x2
You hit the scorpion.
The scorpion is almost dead.
You feel sick. The scorpion stings you.
You are more poisoned.
The scorpion poisons you!
You completely miss the scorpion.
The scorpion is almost dead.
You feel very sick. The scorpion stings you.
You are lethally poisoned!
The scorpion poisons you!
You puncture the scorpion!
You kill the scorpion!
* * * LOW HITPOINT WARNING * * *
You feel very sick.
Your Fighting skill increases to level 4!
Your Polearms skill increases to level 4!
You have reached level 4!
It was a potion of brilliance.
You feel clever all of a sudden.
* * * LOW HITPOINT WARNING * * *
You feel very sick.
* * * LOW HITPOINT WARNING * * *
You feel very sick.
You see here a scorpion corpse.
You die...

#...........#
##..####.###.#
#........# .#
##.†####.# # ##.#
#..( #.# ###... #.#
..... #.######...#.
#..@......>.. #####
########...#####....
...........
.######.### #.#
..######.# #.......#
#.#####.## #.#


There were no monsters in sight!

Vanquished Creatures
  A scorpion (D:2)
  An adder (D:2)
  A dart slug (D:1)
  2 ball pythons
  An endoplasm (D:1)
  3 giant cockroaches (D:1)
  A goblin (D:1)
  3 hobgoblins
  A bat (D:1)
  4 kobolds
  A rat (D:1)
19 creatures vanquished.

Notes
Turn   | Place    | Note
-------+----------+-------------------------------------------
     0 | D:1      | Dorkslayer the Merfolk Fighter began the quest for the Orb.
     0 | D:1      | Reached XP level 1. HP: 18/18 MP: 1/1
   355 | D:1      | Reached XP level 2. HP: 24/24 MP: 2/2
   893 | D:2      | Found a faded altar of an unknown god.
  1032 | D:2      | Reached XP level 3. HP: 25/30 MP: 3/3
  1077 | D:2      | Noticed a scorpion
  1088 | D:2      | Killed a scorpion
  1089 | D:2      | Reached XP level 4. HP: 7/37 MP: 4/4
  1091 | D:2      | Succumbed to a scorpion's poison

Illustrated notes

Levels and vault maps discovered:
D:1:      erik_arrival_blinker_ship, layout_loops_ring, nrook_mini_vaults
D:2:      layout_loops_ring, hellmonk_ecumenical_altar_heavens_door,
          uniq_sigmund

Skill      XL: |  1  2  3 |
---------------+----------+-----
Polearms       | 3 4 |  4.1
Fighting       | 4 |  4.0
Armour         | |  2.6
Shields        | |  3.5

Action                   |  1- 3 |  4- 6 || total
-------------------------+-------+-------++-------
Melee: Trident           |    62 |       ||    62
  Use: Potion            |     1 |     1 ||     2
Armor: Plate armour      |    26 |       ||    26
Dodge: Dodged            |    18 |       ||    18
Block: Buckler           |    12 |       ||    12

Table legend: (Time is in decaauts)
 A = Elapsed time spent in this place.
 B = Non-inter-level travel time spent in this place.
 C = Inter-level travel time spent in this place.
 D = Time resting spent in this place.
 E = Time spent auto-exploring this place.
 F = Levels seen in this place.
 G = Mean time per level.
                   A        B        C        D        E       F      G
               +--------+--------+--------+--------+--------+-----+--------+
         Total |   1101 |   1101 |      0 |      0 |    567 |   2 |  550.5 |
       Dungeon |   1101 |   1101 |      0 |      0 |    567 |   2 |  550.5 |
               +--------+--------+--------+--------+--------+-----+--------+

Top non-repeatable levels by time:
     D:1: 731 daAuts
     D:2: 370 daAuts
